 Dungeon Crawl Stone Soup version 0.31-a0-667-g39726597b9 (webtiles) character file.

Game seed: 4732752433241067937

6571 Corto the Geomancer (level 11, -7/63 HPs)
             Began as a Gargoyle Earth Elementalist on Sept 3, 2023.
             Was a Believer of Vehumet.
             Mangled by a vampire (9 damage)
             ... on level 8 of the Dungeon.
             The game lasted 00:32:28 (9013 turns).

Corto the Geomancer (Gargoyle Earth Elementalist)   Turns: 9013, Time: 00:32:29

Health: -7/63      AC: 14    Str: 12    XL:     11   Next: 1%
Magic:  20/20      EV: 18    Int: 20    God:    Vehumet [**....]
Gold:   423        SH:  0    Dex: 10    Spells: 18/22 levels left

rFire   . . .        A - +8 whip of Nightmares {flame, Fly rN+ rCorr}
rCold   . . .        (no shield)
rNeg    + + .        a - +0 robe
rPois   ∞            g - +0 helmet
rElec   +            i - +0 cloak
rCorr   +            l - +0 pair of gloves
SInv    .            (no boots)
Will    .....        r - amulet of magic regeneration
Stlth   ++           z - +5 ring of evasion
HPRegen 0.30/turn    (no ring)
MPRegen 0.57/turn

%: no passive effects
@: flying
A: sickness immunity, AC +8, negative energy resistance 1, electricity
resistance, torment resistance 1, petrification resistance
a: Renounce Religion


You were on level 8 of the Dungeon.
You worshipped Vehumet.
Vehumet was pleased with you.
You visited 2 branches of the dungeon, and saw 10 of its levels.

You collected 839 gold pieces.
You spent 416 gold pieces at shops.

Inventory:

Hand Weapons
 j - a +0 whip
 y - a +1 demon whip of venom
 A - the +8 whip of Nightmares (weapon) {flame, Fly rN+ rCorr}
   (You found it on level 5 of the Dungeon)

   rN+:       It protects you from negative energy.
   Fly:       It grants you flight.
   rCorr:     It protects you from acid and corrosion.
 C - a +5 flail of protection
Armour
 a - a +0 robe (worn)
 g - a +0 helmet (worn)
 i - a +0 cloak (worn)
 l - a +0 pair of gloves (worn)
Jewellery
 e - a ring of fire
 r - an amulet of magic regeneration (around neck)
 z - a +5 ring of evasion (left hand)
Wands
 v - a wand of flame (51)
 w - a wand of mindburst (10)
Scrolls
 h - 4 scrolls of identify {@r9}
 k - 3 scrolls of revelation
 m - 2 scrolls of amnesia
 p - 2 scrolls of poison
 s - a scroll of blinking
 t - a scroll of teleportation {@r4}
Potions
 b - 2 potions of magic
 d - 3 potions of curing {@q1}
 n - a potion of mutation {!q}
 o - a potion of might
 q - 4 potions of brilliance
 u - a potion of enlightenment
 x - 4 potions of lignification {!q}
 B - a potion of resistance


   Skills:
 + Level 5.0 Fighting
 + Level 4.4 Maces & Flails
 + Level 5.0 Armour
 + Level 4.2 Dodging
 - Level 2.1 Stealth
 - Level 4.0 Shields
 + Level 6.3 Spellcasting
 + Level 6.7 Conjurations
 - Level 0.7 Transmutations
 + Level 4.1 Fire Magic
 + Level 8.5 Earth Magic
 + Level 4.0 Evocations


You had 18 spell levels left.
You knew the following spells:

 Your Spells              Type           Power      Damage    Failure   Level
a - Sandblast             Erth           80%        2d17      1%          1
b - Stone Arrow           Conj/Erth      72%        3d11      1%          3

Your spell library contained the following spells:

 Spells                   Type           Power      Damage    Failure   Level
 Momentum Strike          Conj/Tloc      38%        3d9       3%          2
 Passwall                 Tmut/Erth      20%        N/A       2%          2
 Blink                    Tloc           12%        N/A       16%         2
 Petrify                  Tmut/Erth      24%        N/A       16%         4
 Tukima's Dance           Hex            6%         N/A       30%         3
 Manifold Assault         Tloc           6%         N/A       71%         4
 Passage of Golubria      Tloc           6%         N/A       71%         4
 Yara's Violent Unravell  Hex/Tmut       3%         3d4       94%         5


Dungeon Overview and Level Annotations

Branches:
Dungeon (9/15)             Temple (1/1) D:5
   Lair: D:8-11         Orc: D:9-12

Altars:
Cheibriados
Dithmenos
Elyvilon
Fedhas
Gozag
Hepliaklqana
Kikubaaqudgha
Makhleb
Nemelex Xobeh
Qazlal
Ru
Sif Muna
Trog
Uskayaw
Vehumet
Wu Jian
Xom
Yredelemnul
Zin
The Shining One
Lugonu

Shops:
D:3 ?   D:6 (=([[   D:8 [

Annotations:
D:9 Maggie


Innate Abilities, Weirdness & Mutations

You are immune to sickness and miasma.
Your stone body is resilient. (AC +8)
You are immune to poison.
You resist negative energy. (rN+)
You are resistant to electric shocks. (rElec)
You are resistant to unholy torment.
You are immune to petrification.


Message History

Deactivating autopickup; reactivate with Ctrl-A.
Something bites you!
* * * LOW HITPOINT WARNING * * *
Unknown command.
You hear some strange, mumbled words.
You are confused.
You're too confused to move!
Something hits you but does no damage. Something closely misses you.
Something hits you.
* * * LOW HITPOINT WARNING * * *
Something bites you.
* * * LOW HITPOINT WARNING * * *
You feel much better. Something barely misses you. Something bites you.
You bump into the rock wall.
You feel less confused. Something closely misses you.
Something barely misses you.
You barely miss something.
You hear some strange, mumbled words.
You are confused.
You bump into the rock wall.
Something closely misses you. Something bites you!
You hit something. You burn something. Something hits you but does no damage.
Something bites you!
You hear some strange, mumbled words.
Something tries to affect you, but you resist.
You bump into the rock wall.
Something hits you.
* * * LOW HITPOINT WARNING * * *
Something bites you but does no damage.
You bump into the rock wall.
You hear some strange, mumbled words.
Something tries to affect you, but you resist.
You bump into the rock wall.
You feel less confused. Something hits you!
* * * LOW HITPOINT WARNING * * *
Something bites you.
* * * LOW HITPOINT WARNING * * *
You hit something. You burn something. Something hits you.
* * * LOW HITPOINT WARNING * * *
Something bites you!
You die... ████••••██ ██•███ ██••••••██ █•••• █•████••█ ██••• ███ ██•██ ██÷• █••█ ██•• █••█ █••• █••█ █••█ ██•██ █••█ █@{███████ █••█ █••••••>•██ █••█ ██••••••••█ █••█ ██•••••••••█ █••█ ██•••••••••██ ██••█ ██••████••███ ██••██ ███••██ ████ ██••██ █•••██ █••██ █•███ ███ █•██

There were no monsters in sight!

Vanquished Creatures
  2 two-headed ogres (D:6)
  Amaemon (D:8)
  An orange demon (D:8)
  Grinder (D:5)
  A wyvern (D:8)
  5 yaks (D:8)
  Edmund (D:5)
  2 water moccasins
  Duvessa (D:6)
  2 orc warriors
  2 ice beasts
  A black bear (D:5)
  An ogre (D:5)
  6 centaurs
  A phantom (D:4)
  2 kobold brigands (D:6)
  A bullfrog (D:7)
  5 necrophages (D:5)
  A gnoll sergeant (D:6)
  A scorpion (D:5)
  5 wights (D:8)
  Dowan (D:6)
  4 killer bees
  3 howler monkeys (D:9)
  2 jellies
  3 hounds
  3 orc priests
  3 sleepcaps
  3 orc wizards
  A scorpion zombie (D:5)
  4 iguanas
  A hound zombie (D:5)
  3 gnolls (D:6)
  9 adders
  2 shadow imps
  2 white imps
  2 ufetubi
  3 worms
  3 dart slugs
  24 orcs
  5 bats
  6 endoplasms
  6 giant cockroaches
  7 hobgoblins
  6 jackals
  13 kobolds
  4 quokkas
  8 ball pythons
  2 frilled lizards
  5 goblins
  6 rats
187 creatures vanquished.

Notes
Turn   | Place    | Note
-------+----------+-------------------------------------------
     0 | D:1      | Corto the Gargoyle Earth Elementalist began the quest for
                  | the Orb.
     0 | D:1      | Reached XP level 1. HP: 10/10 MP: 3/3
    91 | D:1      | Reached XP level 2. HP: 14/15 MP: 0/5
   129 | D:1      | Reached skill level 4 in Earth Magic
   225 | D:1      | You fall into a shaft and drop 1 floor!
   452 | D:1      | Found a faded altar of an unknown god.
   567 | D:1      | Reached XP level 3. HP: 19/19 MP: 1/6
   577 | D:1      | Learned a level 3 spell: Stone Arrow
  1267 | D:2      | Reached skill level 1 in Conjurations
  1267 | D:2      | Reached XP level 4. HP: 24/24 MP: 5/8
  1793 | D:3      | Found a large runed translucent door.
  1794 | D:3      | Found a large runed translucent door.
  1829 | D:3      | Found a shadowy altar of Dithmenos.
  1834 | D:3      | Found a shimmering blue altar of Sif Muna.
  2002 | D:3      | Found Kioritt's Magic Scroll Emporium.
  2020 | D:3      | Bought a scroll of identify for 26 gold pieces
  2192 | D:3      | Reached skill level 5 in Earth Magic
  2198 | D:3      | Reached XP level 5. HP: 25/28 MP: 0/9
  3153 | D:4      | Noticed a phantom
  3159 | D:4      | Killed a phantom
  3160 | D:4      | Reached XP level 6. HP: 32/32 MP: 5/11
  3242 | D:4      | Found a shadowy altar of Dithmenos.
  3244 | D:4      | Found a basalt altar of Yredelemnul.
  3244 | D:4      | Found a shimmering altar of Xom.
  3247 | D:4      | Found a shimmering altar of Xom.
  3247 | D:4      | Found a bloodstained altar of Trog.
  3247 | D:4      | Found a burning altar of Makhleb.
  3625 | D:4      | Found a stormy altar of Qazlal.
  3784 | D:5      | Entered Level 5 of the Dungeon
  3801 | D:5      | Noticed Grinder
  3809 | D:5      | Paralysed by Grinder for 2 turns
  3815 | D:5      | Reached skill level 6 in Earth Magic
  3815 | D:5      | Killed Grinder
  3816 | D:5      | Reached XP level 7. HP: 20/36 MP: 4/13
  3937 | D:5      | Identified the +8 whip of Nightmares {flame, Fly rN+ rCorr}
  4017 | D:5      | Found a glowing silver altar of Zin.
  4017 | D:5      | Found a white marble altar of Elyvilon.
  4017 | D:5      | Found a glowing golden altar of the Shining One.
  4069 | D:5      | Noticed Edmund
  4148 | D:5      | Killed Edmund
  4149 | D:5      | Reached skill level 1 in Fighting
  4149 | D:5      | Reached skill level 1 in Maces & Flails
  4149 | D:5      | Reached skill level 1 in Armour
  4277 | D:5      | Found a staircase to the Ecumenical Temple.
  4291 | Temple   | Entered the Ecumenical Temple
  4312 | Temple   | Became a worshipper of Vehumet
  4374 | Temple   | Identified a scroll of acquirement
  4374 | Temple   | Acquired 399 gold pieces
  4410 | D:5      | Reached skill level 1 in Evocations
  4410 | D:5      | Reached XP level 8. HP: 43/43 MP: 9/15
  4715 | D:5      | Found a blossoming altar of Fedhas.
  4986 | D:5      | Reached skill level 1 in Shields
  4990 | D:5      | Reached skill level 1 in Fire Magic
  4994 | D:5      | Reached skill level 5 in Spellcasting
  4997 | D:5      | Reached skill level 7 in Earth Magic
  5264 | D:6      | Noticed Duvessa
  5265 | D:6      | Noticed Dowan
  5326 | D:6      | Noticed a two-headed ogre
  5331 | D:6      | Killed a two-headed ogre
  5332 | D:6      | Reached skill level 5 in Conjurations
  5332 | D:6      | Reached XP level 9. HP: 3/50 MP: 9/16
  5332 | D:6      | HP: 2/50 [iguana (2)]
  5532 | D:6      | Reached * piety under Vehumet
  5532 | D:6      | Offered knowledge of Magic Dart by Vehumet.
  5572 | D:6      | Noticed a two-headed ogre
  5801 | D:6      | Killed a two-headed ogre
  5842 | D:6      | Found Emeiji's Jewellery Emporium.
  5851 | D:6      | Bought an amulet of magic regeneration for 390 gold pieces
  6026 | D:6      | Found an ornate altar of the Wu Jian Council.
  6173 | D:6      | Killed Duvessa
  6175 | D:6      | Killed Dowan
  6249 | D:6      | Found Wounukh's Weapon Shoppe.
  6294 | D:6      | Found a transporter.
  6338 | D:6      | Found Ysia's Armour Boutique.
  6340 | D:6      | Found Urics's Armour Boutique.
  6373 | D:6      | Found a transporter.
  6373 | D:6      | Found Dicu's Weapon Emporium.
  6544 | D:7      | Reached XP level 10. HP: 56/56 MP: 18/18
  6642 | D:7      | Found a hazy altar of Hepliaklqana.
  6886 | D:7      | Found an opulent altar of Gozag.
  7207 | D:7      | Reached skill level 8 in Earth Magic
  7479 | D:8      | Found Ricautz's Antique Armour Shop.
  7663 | D:8      | Offered knowledge of Momentum Strike by Vehumet.
  7672 | D:8      | Noticed Amaemon
  8105 | D:8      | Reached ** piety under Vehumet
  8530 | D:8      | Noticed an orange demon
  8531 | D:8      | Killed Amaemon
  8583 | D:8      | Killed an orange demon
  8584 | D:8      | Reached skill level 5 in Armour
  8957 | D:9      | Noticed Maggie
  8958 | D:9      | Reached XP level 11. HP: 62/62 MP: 20/20
  8977 | D:9      | Reached skill level 5 in Fighting
  9003 | D:8      | HP: 1/63 [something (3)]
  9012 | D:8      | HP: 3/63 [something (4)]
  9013 | D:8      | Mangled by a vampire

Illustrated notes

Levels and vault maps discovered:
D:1:      lightli_molten_gateway, layout_loops_ring,
          hellmonk_ecumenical_altar_inner_sanctum
D:2:      layout_rooms
D:3:      layout_basic, jmf_multi_god_temple2, serial_shops,
          nicolae_square_shop, nrook_loot_triangle,
          minmay_fractal_squares_diagonal_5
D:4:      layout_gridville, mainiacjoe_overflow_tiny_flanked,
          doesnt_xom_only_xom
D:5:      layout_rooms, good_gods_mini_temple, fedhas_altar_decomposition,
          minmay_temple_entry_glassed_door, uniq_edmund, uniq_grinder
D:6:      layout_basic, pdpol_wu_jian_five_deadly_venoms, serial_shops,
          nicolae_shop_drivethru, nicolae_shop_stone, nicolae_shop_behind_doors,
          shop, nicolae_diamond_shop, uniq_duvessa
D:7:      layout_rooms, mainiacjoe_overflow_six_doors_small,
          mainiacjoe_overflow_boulevard, nicolae_hexahallways
D:8:      layout_layer_cave, serial_shops, shop, uniq_amaemon
D:9:      layout_cave_pools, enter_bailey_4, uniq_maggie, uniq_grum
Temple:   kb_corrupted_temple

Skill      XL: |  1  2  3  4  5  6  7  8  9 10 11 |
---------------+----------------------------------+-----
Earth Magic    | 4 5 6 7 8 |  8.5
Spellcasting   | 3 4 5 6 |  6.3
Conjurations   | 1 2 3 4 5 6 |  6.7
Fighting       | 1 3 4 5 |  5.0
Maces & Flails | 1 2 3 4 |  4.4
Armour         | 1 2 3 5 |  5.0
Dodging        | 2 3 4 |  4.2
Evocations     | 1 2 3 4 |  4.0
Shields        | 2 3 4 |  4.0
Fire Magic     | 2 3 4 |  4.1
Stealth        | |  2.1
Transmutations | |  0.7

Action                     |  1- 3 |  4- 6 |  7- 9 | 10-12 || total
---------------------------+-------+-------+-------+-------++-------
  Melee: Dagger            |    32 |       |       |       ||    32
         Whip              |       |     5 |    10 |     9 ||    24
   Cast: Sandblast         |    50 |   111 |   120 |   120 ||   401
         Stone Arrow       |       |       |     4 |    10 ||    14
    Use: Scroll            |       |     3 |    12 |     6 ||    21
         Potion            |       |       |       |     1 ||     1
 Armour: Robe              |    40 |    35 |    45 |    92 ||   212
  Dodge: Dodged            |    33 |    37 |    70 |   115 ||   255

Table legend: (Time is in decaauts)
 A = Elapsed time spent in this place.
 B = Non-inter-level travel time spent in this place.
 C = Inter-level travel time spent in this place.
 D = Time resting spent in this place.
 E = Time spent auto-exploring this place.
 F = Levels seen in this place.
 G = Mean time per level.
                   A        B        C        D        E       F      G
               +--------+--------+--------+--------+--------+-----+--------+
         Total |   9214 |   8819 |    395 |    903 |   6027 |  10 |  921.4 |
       Dungeon |   9124 |   8765 |    359 |    901 |   6027 |   9 | 1013.8 |
        Temple |     89 |     53 |     36 |      2 |      0 |   1 |   89.0 |
               +--------+--------+--------+--------+--------+-----+--------+

Top non-repeatable levels by time:
     D:8: 1588 daAuts
     D:5: 1476 daAuts
     D:1: 1223 daAuts
     D:6: 1215 daAuts
     D:4: 1178 daAuts
     D:3: 925 daAuts
     D:7: 868 daAuts
     D:2: 572 daAuts
  Temple: 89 daAuts
     D:9: 76 daAuts
